 Dungeon Crawl Stone Soup version 0.21.0-37-g46506fa5f3 (webtiles) character file.

25 DildoBatman the Vexing (level 3, 0/28 HPs)
             Began as a Formicid Enchanter on Jan 31, 2018.
             Slain by a jackal (1 damage)
             ... on level 1 of the Dungeon.
             The game lasted 00:01:52 (404 turns).

DildoBatman the Vexing (Formicid Enchanter)          Turns: 404, Time: 00:01:53

Health: 0/28       AC:  2    Str: 13    XL:     3   Next: 17%
Magic:  1/6        EV: 12    Int: 14    God:
Gold:   13         SH:  0    Dex: 11    Spells: 2/6 levels left

rFire    . . .     SeeInvis +   g - +1 whip (elec)
rCold    . . .     Gourm    .   (no shield)
rNeg     . . .     Faith    .   b - +0 robe
rPois    .         Spirit   .   (helmet unavailable)
rElec    .         Reflect  .   (no cloak)
rCorr    .         Harm     .   (no gloves)
MR       .....                  (no boots)
Stlth    ++........             (no amulet)
HPRegen  0.09/turn              (no ring)
MPRegen  0.10/turn              (no ring)

@: no status effects
A: permanent stasis, dig shafts and tunnels, four strong arms, antennae 3
a: Dig, Shaft Self


You were on level 1 of the Dungeon.
You were not hungry.

You visited 1 branch of the dungeon, and saw 1 of its levels.

You collected 13 gold pieces.

Inventory:

Hand Weapons
 g - a +1 whip of electrocution (weapon)
Armour
 b - a +0 robe (worn)
Potions
 f - a potion of heal wounds {unknown}
Books
 c - a book of Maledictions

   Spells                             Type                      Level
   a - Corona                         Hexes                        1
   b - Ensorcelled Hibernation        Hexes/Ice                    2
   c - Confuse                        Hexes                        3
   d - Tukima's Dance                 Hexes                        3
   e - Dazzling Spray                 Conjuration/Hexes            3
Comestibles
 d - 2 chunks of flesh
 v - a ration


   Skills:
 * Level 2.8 Fighting
   Level 1.0 Short Blades
 - Level 1.7 Dodging
 - Level 3.6 Stealth
 - Level 2.1 Spellcasting
 - Level 3.6 Hexes


You had 2 spell levels left.
You knew the following spells:

 Your Spells              Type           Power        Failure   Level  Hunger
a - Corona                Hex            ##.....      5%          1    #......
b - Confuse               Hex            ##......     16%         3    ###....


Dungeon Overview and Level Annotations

Branches:
Dungeon (1/15)

Altars:


Innate Abilities, Weirdness & Mutations

You cannot be hasted, slowed, berserked, paralysed or teleported.
You can dig through walls and to a lower floor.
Your four strong arms can wield two-handed weapons with a shield.
You have a pair of large antennae on your head. (SInv)


Message History

You hear a bark!
The jackal bites you but does no damage.
You hear a bark!
You dig through the rock wall.
You retract your mandibles.
The jackal bites you but does no damage.
The jackal bites you but does no damage.
Casting: Corona
Confirm with . or Enter, or press ? or * to list all spells.
Aiming: Corona
Press: ? - help, Shift-Dir - straight line, f - jackal
Aim: a jackal (chance to defeat MR: 64%)
The jackal is outlined in light.
The jackal bites you but does no damage.
You barely miss the jackal. The jackal bites you. The jackal barely misses you.
You completely miss the jackal. The jackal bites you. x2
You die...

.. #......###.## ##.###..
#####...# #..#...# #.### #.#..#
#.# ###########...# ##.#
....†g.##g...# ###.#########
.#####....#.## ###.)#≈≈≈≈.....
.#####..####g######...##≈≈≈......
......hg.ghhhhhh@.....##≈≈.......
h......##########.###.##≈........
.....#.# #..# #..≈.....≈≈≈.
...##.h# ###.####.......≈...≈
..#.#..# ##..............≈.<.≈
##.#.h.# ##.......##......≈...≈
.##....# #........>##≈.....≈≈≈.
#{#..... #.[....÷..###≈........
.#{g.... ............# #≈≈.......


You could see 6 jackals, a hobgoblin and a goblin.

Vanquished Creatures
  2 leopard geckos (D:1)
  A giant cockroach (D:1)
  4 goblins (D:1)
  A hobgoblin (D:1)
  4 jackals (D:1)
  4 bats (D:1)
  A frilled lizard (D:1)
  2 kobolds (D:1)
  A rat (D:1)
20 creatures vanquished.

Notes
Turn   | Place    | Note
-------+----------+-------------------------------------------
     0 | D:1      | DildoBatman the Formicid Enchanter began the quest for the Orb.
     0 | D:1      | Reached XP level 1. HP: 13/13 MP: 3/3
    63 | D:1      | Reached skill level 1 in Fighting
    91 | D:1      | Reached XP level 2. HP: 20/21 MP: 3/5
   344 | D:1      | Reached XP level 3. HP: 19/28 MP: 2/6
   349 | D:1      | Learned a level 3 spell: Confuse
   404 | D:1      | HP: 1/28 [jackal (1)]
   404 | D:1      | Slain by a jackal

Skill      XL: |  1  2 |
---------------+-------+-----
Fighting       | 1 2 |  2.8
Short Blades   | |  1.0
Dodging        | |  1.7
Stealth        | |  3.6
Spellcasting   | |  2.1
Hexes          | |  3.6

Action                   || total
-------------------------++-------
Melee: Dagger            ||    21
       Mace              ||    21
       Whip              ||    24
 Cast: Corona            ||    25
 Abil: Dig               ||     2
Armor: Robe              ||    25
Dodge: Dodged            ||    69
